 Dungeon Crawl Stone Soup version 0.22-a0-558-gc224181 (webtiles) character file.

4340 inc the Basher (level 10, 0/153 HPs)
             Began as an Ogre Hunter on June 26, 2018.
             Was an Elder of Okawaru.
             Succumbed to a water moccasin's poison
             ... on level 10 of the Dungeon.
             The game lasted 00:17:47 (9305 turns).

inc the Basher (Ogre Hunter)                        Turns: 9305, Time: 00:17:48

Health: 0/153      AC: 25    Str: 21    XL:     10   Next: 33%
Magic:  13/14      EV:  1    Int: 17    God:    Okawaru [****..]
Gold:   514        SH:  3    Dex:  9    Spells: 9/9 levels left

rFire    . . .     SeeInvis .   r - +0 giant club
rCold    + . .     Gourm    .   (shield currently unavailable)
rNeg     + + +     Faith    .   (armour currently unavailable)
rPois    +         Spirit   .   (helmet currently unavailable)
rElec    .         Reflect  +   (cloak currently unavailable)
rCorr    .         Harm     .   (gloves unavailable)
MR       +....     NoTele   +   (boots unavailable)
Stlth    +++.......             K - +3 amulet of reflection
HPRegen  0.35/turn              I - ring of protection from cold
MPRegen  0.14/turn              n - ring of positive energy

@: brilliant, lethally poisoned (0 -> -31), tree-form, heroism
A: large, unfitting armour
a: Heroism, Renounce Religion


You were on level 10 of the Dungeon.
You worshipped Okawaru.
Okawaru was greatly pleased with you.
You were not hungry.
You were a tree.
You visited 2 branches of the dungeon, and saw 11 of its levels.

You collected 514 gold pieces.

Inventory:

Hand Weapons
 a - a +1 short sword
 r - a +0 giant club (weapon)
 s - a +0 flail
 t - a +0 giant spiked club
Missiles
 d - 3 throwing nets (quivered)
Armour
 b - a +0 robe (melded)
 g - a +1 cloak (melded)
Jewellery
 c - an uncursed amulet of guardian spirit
 n - a ring of positive energy (right branch)
 q - an uncursed ring of fire
 x - an uncursed ring of wizardry
 I - a ring of protection from cold (left branch)
 K - a +3 amulet of reflection (around neck)
Wands
 l - a wand of random effects (28)
 v - a wand of disintegration (7)
 w - a wand of iceblast (9)
 F - a wand of paralysis (8)
 M - a wand of enslavement (12)
Scrolls
 i - 3 scrolls of remove curse
 j - a scroll of enchant armour
 k - 4 scrolls of teleportation
 m - 3 scrolls of enchant weapon
 y - 2 scrolls of immolation {unknown}
 G - a scroll of acquirement {unknown}
 H - a scroll of fear {unknown}
 J - a scroll of amnesia
 L - a scroll of identify
 N - a scroll of fog {unknown}
Potions
 e - a potion of might {unknown}
 h - a potion of lignification
 o - a potion of brilliance
 p - a potion of flight
 u - 2 potions of mutation
 z - a potion of berserk rage {unknown}
 A - a potion of invisibility {unknown}
 B - 2 potions of cancellation
 D - 2 potions of magic {unknown}
 E - a potion of degeneration {unknown}
Comestibles
 f - 16 rations
 O - a chunk of flesh


   Skills:
 - Level 7.5(12.5) Fighting
 - Level 11.1(16.1) Maces & Flails
 - Level 4.0(9.0) Throwing
 - Level 1.7(6.7) Dodging
 - Level 0.6(5.6) Stealth
 + Level 6.6 Invocations


You had 9 spell levels left.
You didn't know any spells.
Your spell library was empty.

Dungeon Overview and Level Annotations

Branches:
Dungeon (10/15)            Temple (1/1) D:6            Lair (0/6) D:8
    Orc: D:9-12

Altars:
Ashenzari
Cheibriados
Dithmenos
Elyvilon
Fedhas
Gozag
Hepliaklqana
Kikubaaqudgha
Makhleb
Nemelex Xobeh
Okawaru
Qazlal
Ru
Sif Muna
Trog
Uskayaw
Vehumet
Wu Jian
Xom
Yredelemnul
Zin
The Shining One

Annotations:
D:3 1 runed door, Amnesiac's ghost, amateur VSBe


Innate Abilities, Weirdness & Mutations

You are too large for most types of armour.
((You have tough skin. (AC +1)))


Message History

* * * LOW HITPOINT WARNING * * *
You feel very sick. The water moccasin bites you.
* * * LOW HITPOINT WARNING * * *
The water moccasin bites you.
* * * LOW HITPOINT WARNING * * *
You turn into a tree.
Your +1 cloak melds into your body.
Your +0 robe melds into your body.
Your roots penetrate the ground.
* * * LOW HITPOINT WARNING * * *
You feel very sick.
The water moccasin bites you but does no damage. x2
Unknown command.
It was a potion of flight.
Your roots keep you in place.
* * * LOW HITPOINT WARNING * * *
You feel very sick. The water moccasin bites you.
* * * LOW HITPOINT WARNING * * *
It was a potion of brilliance.
You feel clever all of a sudden.
You die...

#......'.......
#......########
#......#
#......#
#......#
##'##### #.###
#...# ###♣# #S#
#####)####
#........#
#..).....+
#........#
#........#
#........#
#........#


You could see a water moccasin.

Vanquished Creatures
  A two-headed ogre (D:10)
  A centaur zombie (D:10)
  Maurice (D:8)
  Prince Ribbit (D:8)
  A hippogriff (D:9)
  A wraith (D:10)
  2 ice beasts
  4 ogres
  2 sky beasts
  3 centaurs
  A big kobold (D:7)
  A bullfrog (D:7)
  A gnoll sergeant (D:9)
  3 scorpions
  3 killer bees (D:10)
  3 howler monkeys
  2 crimson imps
  A quasit (D:7)
  3 hounds
  2 jellies
  2 orc priests
  2 centaur skeletons
  5 orc wizards
  4 bullfrog skeletons
  2 iguanas
  4 worker ants
  A hound zombie (D:10)
  A hound skeleton (D:7)
  9 gnolls
  8 adders
  2 shadow imps
  An ooze (D:2)
  An adder skeleton (D:4)
  A dart slug (D:1)
  4 leopard geckos
  20 orcs
  8 bats
  4 giant cockroaches
  6 goblins
  6 hobgoblins
  4 quokkas
  6 frilled lizards
  10 kobolds
  A leopard gecko skeleton (D:8)
  A quokka skeleton (D:4)
  7 rats
157 creatures vanquished.

Notes
Turn   | Place    | Note
-------+----------+-------------------------------------------
     0 | D:1      | inc the Ogre Hunter began the quest for the Orb.
     0 | D:1      | Reached XP level 1. HP: 22/22 MP: 1/1
   231 | D:1      | Reached XP level 2. HP: 9/32 MP: 2/2
  1227 | D:2      | Reached XP level 3. HP: 37/40 MP: 3/3
  1317 | D:2      | Reached skill level 5 in Fighting
  1333 | D:2      | Found a faded altar of an unknown god.
  1637 | D:2      | Reached XP level 4. HP: 7/50 MP: 4/4
  2380 | D:3      | Reached XP level 5. HP: 42/61 MP: 3/5
  2794 | D:3      | Reached skill level 1 in Maces & Flails
  3480 | D:3      | Found a runed door.
  3500 | D:3      | Noticed Amnesiac's ghost (amateur VSBe)
  3690 | D:4      | Noticed an ogre
  3695 | D:4      | Killed an ogre
  3695 | D:4      | Reached skill level 3 in Maces & Flails
  3695 | D:4      | Reached XP level 6. HP: 71/71 MP: 6/6
  3957 | D:4      | Found a hazy altar of Hepliaklqana.
  4230 | D:4      | Reached skill level 4 in Maces & Flails
  4462 | D:4      | Found the +6 mace of Variability {chaos}
  4530 | D:4      | Reached XP level 7. HP: 67/78 MP: 5/7
  4573 | D:5      | Entered Level 5 of the Dungeon
  4726 | D:5      | Reached skill level 5 in Maces & Flails
  5474 | D:6      | Found a staircase to the Ecumenical Temple.
  5481 | Temple   | Entered the Ecumenical Temple
  5517 | Temple   | Became a worshipper of Warmaster Okawaru
  5677 | D:6      | Reached skill level 6 in Maces & Flails
  5955 | D:7      | Reached XP level 8. HP: 87/87 MP: 8/8
  6040 | D:7      | Reached * piety under Okawaru
  6040 | D:7      | Reached skill level 7 in Maces & Flails
  6188 | D:7      | Found a shattered altar of Ashenzari.
  6299 | D:7      | Reached skill level 8 in Maces & Flails
  6475 | D:7      | Reached ** piety under Okawaru
  6495 | D:7      | Found a shadowy altar of Dithmenos.
  6679 | D:8      | Reached skill level 9 in Maces & Flails
  6680 | D:8      | Reached XP level 9. HP: 90/93 MP: 9/9
  6814 | D:8      | Noticed Maurice
  7308 | D:8      | Killed Maurice
  7308 | D:8      | Reached skill level 10 in Maces & Flails
  7534 | D:8      | Noticed Prince Ribbit
  7547 | D:8      | Killed Prince Ribbit
  7818 | D:8      | Found a staircase to the Lair.
  8199 | D:9      | Reached *** piety under Okawaru
  8459 | D:9      | Reached skill level 11 in Maces & Flails
  9163 | D:10     | Entered Level 10 of the Dungeon
  9205 | D:10     | Reached skill level 1 in Invocations
  9232 | D:10     | Reached XP level 10. HP: 90/102 MP: 10/12
  9278 | D:10     | Reached skill level 5 in Invocations
  9285 | D:10     | Noticed a two-headed ogre
  9302 | D:10     | Killed a two-headed ogre
  9302 | D:10     | Reached **** piety under Okawaru
  9303 | D:10     | HP: 7/153 [poisoned by a water moccasin]
  9304 | D:10     | HP: 3/153 [water moccasin (1)]
  9305 | D:10     | Succumbed to a water moccasin's poison

Vault maps used:
D:1:      lightli_arrival_windingriver
D:2:      chequers_ecumenical_altar_simple, minmay_box_of_dots
D:3:      ebering_ghost_sewer_d
D:4:      cheibrodos_old_hovel, overflow_temple_1_default
D:5:      first_ration
D:6:      minmay_temple_entry_fiery
D:7:      basic_altar, grunt_ogre_cave, minmay_strange_pillars,
          nicolae_dithmenos_through_a_glass_darkly
D:8:      lair_entry_dummy, uniq_prince_ribbit1, uniq_maurice
Temple:   dpeg_three_leaves_temple

Skill      XL: |  1  2  3  4  5  6  7  8  9 10 |
---------------+-------------------------------+-----
Fighting       | 3 4 5 6 7 |  7.5
Maces & Flails | 3 4 6 9 11 | 11.1
Invocations    | 3 6 |  6.6
Throwing       | |  4.0
Dodging        | |  1.7
Stealth        | |  0.6

Action                   |  1- 3 |  4- 6 |  7- 9 | 10-12 || total
-------------------------+-------+-------+-------+-------++-------
Melee: Short sword       |    96 |    55 |       |       ||   151
       Giant spiked club |       |    66 |       |       ||    66
       Flail             |       |    87 |   115 |       ||   202
       Giant club        |       |       |   146 |    17 ||   163
Throw: Large rock        |    14 |    17 |    30 |     6 ||    67
       Throwing net      |       |     1 |     2 |       ||     3
Invok: Heroism           |       |       |     3 |     1 ||     4
  Use: Scroll            |       |     2 |     8 |       ||    10
       Potion            |       |       |     1 |     3 ||     4
 Stab: Sleeping          |     1 |     1 |       |       ||     2
  Eat: Chunk             |     2 |     9 |    12 |     1 ||    24
       Ration            |       |       |     1 |       ||     1
Armor: Robe              |    45 |    80 |    93 |     3 ||   221
       Skin              |       |       |       |     2 ||     2
Dodge: Dodged            |    73 |   138 |   172 |    12 ||   395
Block: Other             |       |       |     5 |     4 ||     9

Table legend:
 A = Spawn XP
 B = Non-spawn XP
 C = Spawn XP percentage of total XP
 D = Spawn monster count
 E = Non-spawn monster count
 F = Spawn count percentage of total count
 G = Total turns spent on level
                    A         B        C        D         E        F      G
               +---------+---------+-------+---------+---------+-------+---------
         Total |       0 |    6200 |   0.0 |       0 |     157 |   0.0 |  9305
               +---------+---------+-------+---------+---------+-------+---------
           D:1 |       0 |      30 |   0.0 |       0 |      17 |   0.0 |  1077
           D:2 |       0 |      80 |   0.0 |       0 |      19 |   0.0 |  1267
           D:3 |       0 |     173 |   0.0 |       0 |      24 |   0.0 |  1329
           D:4 |       0 |     368 |   0.0 |       0 |      17 |   0.0 |   900
           D:5 |       0 |     238 |   0.0 |       0 |       8 |   0.0 |   534
           D:6 |       0 |     217 |   0.0 |       0 |       5 |   0.0 |   717
           D:7 |       0 |    1194 |   0.0 |       0 |      25 |   0.0 |  1029
           D:8 |       0 |    1163 |   0.0 |       0 |      18 |   0.0 |  1092
           D:9 |       0 |     893 |   0.0 |       0 |      15 |   0.0 |  1145
          D:10 |       0 |    1844 |   0.0 |       0 |       9 |   0.0 |   142
               +---------+---------+-------+---------+---------+-------+---------
